 Dungeon Crawl Stone Soup version 0.31.0-11-ge490571c62 (webtiles) character file.

Game seed: 18154300980609941277

25 westolus the Sneak (level 2, 0/15 HPs)
             Began as a Vampire Enchanter on Feb 7, 2024.
             Slain by a hobgoblin (1 damage)
             ... on level 2 of the Dungeon.
             The game lasted 00:02:54 (1076 turns).

westolus the Sneak (Vampire Enchanter)              Turns: 1076, Time: 00:02:55

Health: 0/15       AC:  2    Str:  7    XL:     2   Next: 82%
Magic:  5/5        EV: 12    Int: 17    God:
Gold:   66         SH:  0    Dex: 14    Spells: 5/5 levels left

rFire   . . .        a - +1 dagger
rCold   + + .        (no shield)
rNeg    + + +        b - +0 robe
rPois   ∞            (no helmet)
rElec   .            (no cloak)
rCorr   .            (no gloves)
SInv    +            (no boots)
Will    .....        (no amulet)
Stlth   +++++        (no ring)
HPRegen 0.00/turn    (no ring)
MPRegen 0.09/turn

%: no passive effects
@: bloodless, inhibited regen
A: bloodless, fangs 3, see invisible, vampiric 1
a: Revivify


You were on level 2 of the Dungeon.
You visited 1 branch of the dungeon, and saw 3 of its levels.

You collected 66 gold pieces.

Inventory:

Hand Weapons
 a - a +1 dagger (weapon)
Armour
 b - a +0 robe (worn)
Jewellery
 g - a +6 ring of strength
Scrolls
 f - a scroll of blinking {unknown}
 j - a scroll of identify {unknown}
Potions
 c - 2 potions of invisibility
 d - a potion of curing {unknown}
 e - a potion of attraction {unknown}
 h - 2 potions of brilliance {unknown}
 i - a potion of degeneration {unknown}
 k - a potion of lignification {unknown}


   Skills:
 + Level 0.1 Fighting
 * Level 1.8 Short Blades
 + Level 2.3 Dodging
 + Level 4.9 Stealth
 + Level 2.2 Spellcasting
 * Level 4.7 Hexes


You had 5 spell levels left.
You didn't know any spells.
Your spell library contained the following spells:

 Spells                   Type           Power      Damage    Failure   Level
 Confusing Touch          Hex            18%        N/A       9%          3
 Tukima's Dance           Hex            18%        N/A       9%          3
 Ensorcelled Hibernation  Hex/Ice        18%        N/A       11%         2
 Dazzling Flash           Conj/Hex       18%        N/A       22%         3
 Olgreb's Toxic Radiance  Alch           1%         N/A       88%         4
 Ozocubu's Refrigeration  Ice            0%         4d7       100%        7
 Discord                  Hex            9%         N/A       100%        8


Dungeon Overview and Level Annotations

Branches:
Dungeon (3/15)

Altars:

Annotations:
D:3 Pargi


Innate Abilities, Weirdness & Mutations

You do not regenerate when monsters are visible.
You are frail without blood (-20% HP).
You can heal yourself when you bite living creatures.
You are immune to poison.
You have razor-sharp teeth.
You have supernaturally acute eyesight. (SInv)
You are afflicted with vampirism.


Message History

Found a stone staircase leading down.
There is a stone staircase leading up here.
Key pressed, stopping explore.
No target in view!
Found a clear potion.
No target in view!
Key pressed, stopping explore.
No target in view!
A hobgoblin comes into view.
The hobgoblin moves out of view.
No target in view!
No target in view!
A hobgoblin is nearby!
A hobgoblin is nearby!
A rat comes into view.
A ribbon worm comes into view.
The hobgoblin shouts!
You hear an angry hiss. x2; You hear a shout!
You closely miss the rat. The rat bites you. The rat attacks as it pursues you!
The rat bites you. The rat attacks as it pursues you! The rat misses you.
You hit the rat.
You kill the rat!
There are monsters nearby!
You completely miss the hobgoblin. The hobgoblin barely misses you.
You hit the hobgoblin but do no damage. The hobgoblin closely misses you.
You barely miss the hobgoblin. The hobgoblin hits you.
You hit the hobgoblin.
The hobgoblin is severely wounded.
The hobgoblin hits you.
You hit the hobgoblin.
The hobgoblin is almost dead.
The hobgoblin hits you.
* * * LOW HITPOINT WARNING * * *
You closely miss the hobgoblin.
The hobgoblin is almost dead.
The hobgoblin barely misses you.
You closely miss the hobgoblin.
The hobgoblin is almost dead.
The hobgoblin hits you.
You die...

.# #....### #.#######..#.#.###
$.#.S..# #.###......#.#....
??##....## #....!.##..# #..##
.#g #..#..# #..........# #..##
.###...##..###.......#.##.#..##
..w...#.......................
......####..#######.#.#####.##
.###........g.# #.#.# #..w
....####.#@## #.#.# ##### ...
#.#..# #...# #.... #.##.##
#..## #.### #.##..###.## #.#
#.###.<...# #.# #.###.###.# #.#
#......##.# #.# #####..#..# #.#
# #.......#######.# #


You could see an adder (wandering) and a hobgoblin.

Vanquished Creatures
  4 endoplasms
  A giant cockroach (D:1)
  5 goblins
  A hobgoblin (D:1)
  2 jackals (D:1)
  A ball python (D:1)
  4 bats
  A frilled lizard (D:1)
  A kobold (D:1)
  2 rats
22 creatures vanquished.

Notes
Turn   | Place    | Note
-------+----------+-------------------------------------------
     0 | D:1      | westolus the Vampire Enchanter began the quest for the Orb.
     0 | D:1      | Reached XP level 1. HP: 13/13 MP: 3/3
    63 | D:1      | Found a faded altar of an unknown god.
   245 | D:1      | Reached XP level 2. HP: 19/19 MP: 5/5
   872 | D:3      | Noticed Pargi
  1076 | D:2      | Slain by a hobgoblin

Illustrated notes

Levels and vault maps discovered:
D:1:      lightli_arrival_isolated_outpost, layout_basic,
          shapermc_ecumenical_altar_totnotflames, nicolae_titane
D:2:      layout_basic, basic_altar, grunt_ministairs_11, minmay_tetromino_t4
D:3:      layout_rooms, kennysheep_orc_chapel, uniq_pargi

Action                     || total
---------------------------++-------
  Melee: Dagger            ||    63
         Bite              ||     4
Ability: Exsanguinate      ||     1
   Stab: Sleeping          ||     8
 Armour: Robe              ||    30
  Dodge: Dodged            ||    44
